 Dungeon Crawl Stone Soup version 0.31.0-4-g52a2dc7128 (webtiles) character file.

Game seed: 13927242890628530988

40995 ziltoid91 the Frost Mage (level 14, -7/118 HPs)
             Began as a Gnoll Ice Elementalist on Jan 22, 2024.
             Was a High Priest of Vehumet.
             Killed from afar by a hell hog (38 damage)
             ... with a fireball
             ... on level 5 of the Lair of Beasts on Jan 23, 2024.
             The game lasted 02:47:52 (18540 turns).

ziltoid91 the Frost Mage (Gnoll Ice Elementalist)  Turns: 18540, Time: 02:47:52

Health: -7/118     AC: 15    Str: 13    XL:     14   Next: 13%
Magic:  24/28      EV: 21    Int: 12    God:    Vehumet [*****.]
Gold:   802        SH: 14    Dex: 13    Spells: 8/34 levels left

rFire   . . .        a - +6 flail "Arieh" {flame, rElec rCorr Stlth+}
rCold   . . .        e - +3 buckler {AC+3}
rNeg    . . .        P - +2 robe {Will+}
rPois   .            S - +2 helmet
rElec   +            o - +0 cloak
rCorr   +            H - +1 pair of gloves
SInv    .            (no boots)
Will    ++...        p - amulet of reflection
Stlth   +++++        l - +5 ring of evasion
HPRegen 0.39/turn    (no ring)
MPRegen 0.21/turn

%: reflection
@: freezing walls
A: fangs 1, strong nose, distributed training, dopey 1, robust 1, MP-powered
wands
a: Renounce Religion


You were on level 5 of the Lair of Beasts.
You worshipped Vehumet.
Vehumet was extremely pleased with you.
You visited 3 branches of the dungeon, and saw 15 of its levels.
You also visited: Bailey.

You collected 925 gold pieces.
You spent 123 gold pieces at shops.

Inventory:

Hand Weapons
 a - the +6 flail "Arieh" (weapon) {flame, rElec rCorr Stlth+}
   (You found it on level 4 of the Dungeon)

   rElec:     It insulates you from electricity.
   rCorr:     It protects you from acid and corrosion.
   Stlth+:    It makes you more stealthy.
 b - the +6 flail "Gointo" {heavy, rF+ rCorr}
   (You found it on level 3 of the Lair of Beasts)

   rF+:       It protects you from fire.
   rCorr:     It protects you from acid and corrosion.
 W - the +5 broad axe of Excruciating Pain {drain, rF- Str+3}
   (You found it on level 3 of the Lair of Beasts)

   Str+3:     It affects your strength (+3).
   rF-:       It makes you vulnerable to fire.
Missiles
 f - 2 throwing nets
 h - 5 datura-tipped darts
 i - 23 poisoned darts
 j - 112 stones
 m - 6 javelins
 C - 13 boomerangs (quivered)
 F - 5 silver javelins
 L - a curare-tipped dart
Armour
 e - a +3 buckler of protection (worn)
 o - a +0 cloak (worn)
 H - a +1 pair of gloves (worn)
 N - the +5 chain mail of Yjek {rF+ Int+6}
   (You took it off a kobold in a bailey)

   Int+6:     It affects your intelligence (+6).
   rF+:       It protects you from fire.
 P - a +2 robe of willpower (worn)
 S - a +2 helmet (worn)
Jewellery
 l - a +5 ring of evasion (left hand)
 p - an amulet of reflection (around neck)
 w - a ring of ice
 K - an amulet of the acrobat
Talismans
 Y - the blade talisman "Ywytwej" {Dex+4}
   (You found it on level 4 of the Lair of Beasts)

   [blade talisman]

   Dex+4:     It affects your dexterity (+4).
Wands
 s - a wand of flame (26)
 D - a wand of paralysis (35)
 T - a wand of roots (5)
Scrolls
 c - a scroll of amnesia
 k - a scroll of vulnerability {unknown}
 r - 6 scrolls of teleportation
 u - a scroll of identify
 v - a scroll of silence {unknown}
 A - 2 scrolls of immolation
 B - 2 scrolls of noise
 G - a scroll of brand weapon {unknown}
 O - 3 scrolls of enchant armour
 Q - a scroll of enchant weapon {unknown}
 R - 2 scrolls of poison
 V - a scroll of fear
Potions
 d - 4 potions of lignification
 g - 5 potions of haste
 n - 6 potions of enlightenment
 q - a potion of invisibility
 t - 4 potions of curing
 x - 3 potions of attraction
 E - 2 potions of ambrosia
 I - 2 potions of cancellation
 J - 3 potions of magic
 X - a potion of brilliance


   Skills:
 + Level 9.3 Fighting
 + Level 9.3 Short Blades
 + Level 9.3 Long Blades
 + Level 9.3 Axes
 + Level 9.3 Maces & Flails
 + Level 9.3 Polearms
 + Level 9.3 Staves
 + Level 9.3 Ranged Weapons
 + Level 9.3 Throwing
 + Level 9.3 Armour
 + Level 10.4 Dodging
 + Level 10.2 Stealth
 + Level 9.3 Shields
 + Level 9.3 Unarmed Combat
 + Level 10.5 Spellcasting
 + Level 7.7 Conjurations
 + Level 7.7 Hexes
 + Level 7.7 Summonings
 + Level 7.7 Necromancy
 + Level 7.7 Translocations
 + Level 7.7 Fire Magic
 + Level 10.5 Ice Magic
 + Level 7.7 Air Magic
 + Level 7.7 Earth Magic
 + Level 7.7 Alchemy
 + Level 10.1 Invocations
 + Level 9.3 Evocations
 + Level 8.5 Shapeshifting


You had 8 spell levels left.
You knew the following spells:

 Your Spells              Type           Power      Damage    Failure   Level
a - Freeze                Ice            100%       1d10      1%          1
b - Frozen Ramparts       Ice            62%        1d10      1%          3
c - Summon Ice Beast      Ice/Summ       28%        N/A       1%          3
d - Mercury Vapours       Alch/Air       48%        N/A       1%          2
e - Stone Arrow           Conj/Erth      48%        3d10      1%          3
f - Fireball              Conj/Fire      12%        3d7       4%          5
g - Sticky Flame          Fire/Alch      24%        2d6       1%          4
A - Ozocubu's Armour      Ice            31%        N/A       1%          3
B - Blink                 Tloc           48%        N/A       1%          2

Your spell library contained the following spells:

 Spells                   Type           Power      Damage    Failure   Level
 Kiss of Death            Conj/Necr      96%        2d12      1%          1
 Sandblast                Erth           48%        2d12      1%          1
 Slow                     Hex            96%        N/A       1%          1
 Summon Small Mammal      Summ           96%        N/A       1%          1
 Lesser Beckoning         Tloc           48%        N/A       1%          2
 Momentum Strike          Conj/Tloc      48%        3d9       1%          2
 Searing Ray              Conj           48%        2d6       1%          2
 Call Canine Familiar     Summ           24%        N/A       1%          3
 Confusing Touch          Hex            24%        N/A       1%          3
 Gell's Gravitas          Tloc           24%        N/A       1%          3
 Inner Flame              Hex/Fire       24%        N/A       1%          3
 Sigil of Binding         Hex            24%        N/A       1%          3
 Teleport Other           Tloc           24%        N/A       1%          3
 Vampiric Draining        Necr           24%        2d7       1%          3
 Flame Wave               Conj/Fire      24%        2d8       1%          4
 Animate Armour           Summ/Erth      48%        N/A       6%          4
 Dispel Undead            Necr           24%        3d12      6%          4
 Summon Blazeheart Golem  Fire/Summ      24%        N/A       6%          4
 Dispersal                Tloc           12%        N/A       65%         6
 Lehudib's Crystal Spear  Conj/Erth      12%        10d4      100%        8


Dungeon Overview and Level Annotations

Branches:
Dungeon (9/15)             Temple (1/1) D:5            Lair (5/5) D:9
  Swamp (0/4) Lair:2       Spider (0/4) Lair:3        Slime (0/5) Lair:5
 Bailey (visited)
    Orc: D:9-12

Altars:
Ashenzari
Cheibriados
Dithmenos
Elyvilon
Fedhas
Gozag
Hepliaklqana
Kikubaaqudgha
Makhleb
Nemelex Xobeh
Okawaru
Qazlal
Ru
Sif Muna
Trog
Uskayaw
Vehumet
Wu Jian
Xom
Yredelemnul
Zin
The Shining One
Jiyva

Shops:
D:4 *   D:8 [

Annotations:
Lair:1 2 transporters, Sammaje's ghost, novice MiBe


Innate Abilities, Weirdness & Mutations

You have very sharp teeth.
Your uncanny sense of smell can sniff out nearby items.
Your experience applies equally to all skills.
You are dopey. (Int -2)
You are robust. (+10% HP)
You expend magic power (3 MP) to strengthen your wands.


Message History

The wall freezes the hell hog.
The hell hog breathes fire at you.
The fireball explodes!
The fireball engulfs you!!
The fireball engulfs the hell hog.
The hell hog completely resists.
The fireball engulfs the hell hog.
The hell hog completely resists.
The heat melts your icy armour.
You barely miss the hell hog.
The hell hog is severely wounded.
The wall freezes the hell hog.
The hell hog bites you.
The wall freezes the hell hog.
You block the hell hog's attack.
The wall freezes the hell hog!
The hell hog bites you!
The wall freezes the hell hog.
The hell hog bites you but does no damage.
You closely miss the hell hog.
You bite the hell hog, but do no damage.
The hell hog is severely wounded.
The wall freezes the hell hog.
The hell hog bites you but does no damage.
The wall freezes the hell hog.
The hell hog bites you but does no damage.
You hit the hell hog.
The hell hog is almost dead.
The wall freezes the hell hog.
The hell hog misses you.
The wall freezes the hell hog!
The hell hog bites you but does no damage.
You hit the hell hog.
The hell hog is almost dead.
The wall freezes the hell hog.
You kill the hell hog!
Vehumet accepts your kill.
You feel your power returning.
The wall freezes the hell hog.
The hell hog breathes fire at you.
The fireball explodes!
The fireball engulfs you!!
Your icy armour melts away.
* * * LOW HITPOINT WARNING * * *
The fireball engulfs the hell hog.
The hell hog completely resists.
The wall freezes the hell hog.
The hell hog breathes fire at you.
The fireball explodes!
The fireball engulfs you!!!
You die...

#.........≈≈≈######§≈≈≈.†###### #
........#§§§##?)$$##§≈##.##8#8# #
......##≈§§≈#[!..[$#≈≈#......# #
##........≈≈#......#≈#......#8# #
##.......#§#......#≈.......# #
##......#≈#......#.§......# # #
#8.....##≈##....##.≈#.....## # #
##....##≈≈§##'h##.≈≈#......####
###8#8)####§≈§≈.@§§≈§#.........##
.#####§§§####§§..§§.............#
.# #§§≈###..§.§§§..........####
## ≈≈≈≈##...............#### #
≈≈#≈≈§§..........≈≈§≈## #
≈≈#####§§≈≈.....≈≈≈≈### ### ##
≈≈# ##≈≈§§§§§§≈≈### ##.###. ####
##.#§§§≈≈≈≈§# #...#.# ###
########8#.###§≈# ##......


You could see a hell hog (catching breath).

Vanquished Creatures
  Harold (D:9)
  2 hydras
  3 boulder beetles
  A hell hog (Lair:5)
  A skyshark (Lair:5)
  An orc knight (Bailey)
  A lindwurm (Lair:5)
  A bog body (Lair:2)
  17 elephants
  3 molten gargoyles (Lair:5)
  4 black mambas
  17 cane toads
  12 komodo dragons
  3 rime drakes
  2 hornets (D:9)
  10 blink frogs
  4 jumping spiders (Lair:3)
  2 culicivoras (Lair:3)
  7 wyverns
  29 yaks
  A redback (Lair:3)
  8 basilisks
  2 steam dragons (Lair:5)
  16 water moccasins
  4 hell hounds (Lair:5)
  3 black bears
  11 orc warriors
  2 sky beasts
  7 wolves (Lair:3)
  5 centaurs
  The ghost of unrecovered the Cudgeller, an amateur GrGl of Cheibriados (D:3)
  Blork the orc (D:5)
  10 bullfrogs
  2 kobold brigands
  A gnoll sergeant (D:6)
  3 scorpions
  An electric eel (Lair:1)
  9 howler monkeys
  A bombardier beetle (D:3)
  5 lava snakes (Lair:5)
  Crazy Yiuf (D:2)
  5 orc priests
  A hound (D:6)
  2 jellies
  A gnoll bouda (D:5)
  3 iguanas
  Ijyb (D:4)
  2 sleepcaps
  5 hell rats (Lair:5)
  4 orc wizards
  14 gnolls
  5 adders
  3 dart slugs
  A ribbon worm (D:3)
  35 orcs
  8 bats
  13 endoplasms
  4 giant cockroaches
  19 goblins
  9 hobgoblins
  14 jackals
  27 kobolds
  3 quokkas
  10 ball pythons
  3 frilled lizards
  6 rats
413 creatures vanquished.

Vanquished Creatures (collateral kills)
  An elephant (Lair:3)
  A cane toad (Lair:1)
  A blink frog (Lair:4)
  7 yaks
  2 howler monkeys (D:9)
12 creatures vanquished.

Grand Total: 425 creatures vanquished

Notes
Turn   | Place    | Note
-------+----------+-------------------------------------------
     0 | D:1      | ziltoid91 the Gnoll Ice Elementalist began the quest for
                  | the Orb.
     0 | D:1      | Reached XP level 1. HP: 13/13 MP: 6/6
   292 | D:1      | Reached XP level 2. HP: 19/19 MP: 2/7
   607 | D:1      | Reached skill level 5 in Spellcasting
   607 | D:1      | Reached XP level 3. HP: 25/25 MP: 6/9
   780 | D:1      | Learned a level 3 spell: Frozen Ramparts
   784 | D:1      | Learned a level 3 spell: Ozocubu's Armour
   811 | D:1      | Reached skill level 1 in Invocations
  1364 | D:2      | Reached skill level 1 in Fighting
  1364 | D:2      | Reached skill level 1 in Short Blades
  1364 | D:2      | Reached skill level 1 in Long Blades
  1364 | D:2      | Reached skill level 1 in Axes
  1364 | D:2      | Reached skill level 1 in Maces & Flails
  1364 | D:2      | Reached skill level 1 in Polearms
  1364 | D:2      | Reached skill level 1 in Staves
  1364 | D:2      | Reached skill level 1 in Ranged Weapons
  1364 | D:2      | Reached skill level 1 in Throwing
  1364 | D:2      | Reached skill level 1 in Armour
  1364 | D:2      | Reached skill level 1 in Shields
  1364 | D:2      | Reached skill level 1 in Unarmed Combat
  1364 | D:2      | Reached skill level 1 in Evocations
  1453 | D:2      | Found a runed translucent door.
  1454 | D:2      | Noticed Crazy Yiuf
  1471 | D:2      | Killed Crazy Yiuf
  1472 | D:2      | Reached skill level 1 in Conjurations
  1472 | D:2      | Reached skill level 1 in Hexes
  1472 | D:2      | Reached skill level 1 in Summonings
  1472 | D:2      | Reached skill level 1 in Necromancy
  1472 | D:2      | Reached skill level 1 in Translocations
  1472 | D:2      | Reached skill level 1 in Fire Magic
  1472 | D:2      | Reached skill level 1 in Air Magic
  1472 | D:2      | Reached skill level 1 in Earth Magic
  1472 | D:2      | Reached skill level 1 in Alchemy
  1472 | D:2      | Reached skill level 1 in Shapeshifting
  1472 | D:2      | Reached XP level 4. HP: 32/32 MP: 2/11
  1654 | D:2      | Found a faded altar of an unknown god.
  1916 | D:2      | Learned a level 3 spell: Summon Ice Beast
  2097 | D:2      | Reached XP level 5. HP: 37/37 MP: 8/12
  3151 | D:3      | Found a runed translucent gate.
  3151 | D:3      | Found a runed translucent gate.
  3152 | D:3      | Found a runed translucent gate.
  3152 | D:3      | Identified the +1 short sword of Ycwanuata {heavy, *Corrode
                  | Int+4 Dex+3}
  3152 | D:3      | Noticed unrecovered's ghost (amateur GrGl)
  3317 | D:4      | Reached XP level 6. HP: 44/44 MP: 8/14
  3547 | D:4      | Reached skill level 5 in Dodging
  3656 | D:4      | Found Nodghof's General Store.
  3718 | D:4      | Bought a scroll of identify for 26 gold pieces
  3811 | D:4      | Noticed Ijyb
  3820 | D:4      | Killed Ijyb
  3899 | D:4      | Identified the +6 flail "Arieh" {flame, rElec rCorr Stlth+}
  4250 | D:5      | Entered Level 5 of the Dungeon
  4250 | D:5      | Noticed a black bear
  4259 | D:4      | Killed a black bear
  4260 | D:4      | Reached XP level 7. HP: 51/51 MP: 7/15
  4537 | D:5      | Found a staircase to the Ecumenical Temple.
  4546 | Temple   | Entered the Ecumenical Temple
  4556 | Temple   | Became a worshipper of Vehumet
  4593 | D:5      | You fall into a shaft and drop 1 floor!
  4672 | D:6      | Reached skill level 5 in Stealth
  4929 | D:6      | Reached XP level 8. HP: 42/58 MP: 10/16
  5284 | D:6      | Found a broken altar of Ashenzari.
  5777 | D:4      | Bought a scroll of enchant armour for 97 gold pieces
  5824 | D:5      | Reached * piety under Vehumet
  5824 | D:5      | Offered knowledge of Sandblast by Vehumet.
  5824 | D:5      | Noticed Blork the orc
  5836 | D:5      | Killed Blork the orc
  6219 | D:5      | Reached XP level 9. HP: 54/65 MP: 15/18
  6337 | D:5      | Learned a level 1 spell: Sandblast
  6706 | D:7      | Offered knowledge of Mercury Vapours by Vehumet.
  6710 | D:7      | Learned a level 2 spell: Mercury Vapours
  6755 | D:7      | Found an ancient bone altar of Kikubaaqudgha.
  6858 | D:7      | Found a glowing golden altar of the Shining One.
  6968 | D:7      | Found an opulent altar of Gozag.
  7251 | D:8      | Found Bitojyt's Armour Boutique.
  7476 | D:8      | Reached skill level 5 in Invocations
  7539 | D:8      | Reached ** piety under Vehumet
  8126 | D:8      | Found a burning altar of Makhleb.
  8261 | D:9      | Reached skill level 5 in Fighting
  8261 | D:9      | Reached skill level 5 in Short Blades
  8261 | D:9      | Reached skill level 5 in Long Blades
  8261 | D:9      | Reached skill level 5 in Axes
  8261 | D:9      | Reached skill level 5 in Maces & Flails
  8261 | D:9      | Reached skill level 5 in Polearms
  8261 | D:9      | Reached skill level 5 in Staves
  8261 | D:9      | Reached skill level 5 in Ranged Weapons
  8261 | D:9      | Reached skill level 5 in Throwing
  8261 | D:9      | Reached skill level 5 in Armour
  8261 | D:9      | Reached skill level 5 in Shields
  8261 | D:9      | Reached skill level 5 in Unarmed Combat
  8261 | D:9      | Reached skill level 5 in Evocations
  8261 | D:9      | Reached XP level 10. HP: 60/74 MP: 18/20
  8382 | D:9      | Found a flagged portal.
  8397 | Bailey   | Entered a bailey
  8438 | Bailey   | Noticed an orc knight
  8494 | Bailey   | Identified the +5 chain mail of Yjek {rF+ Int+6}
  8552 | Bailey   | Identified the +0 leather armour of Kunuyloa {rN+ Int+3
                  | Dex-2}
  8814 | Bailey   | Killed an orc knight
  8815 | Bailey   | Reached skill level 5 in Shapeshifting
  8874 | Bailey   | Offered knowledge of Searing Ray by Vehumet.
  8917 | Bailey   | Learned a level 2 spell: Searing Ray
  9034 | D:9      | Found a hazy altar of Hepliaklqana.
  9144 | D:9      | Noticed Harold
 10127 | D:9      | Killed Harold
 10164 | D:9      | Found a staircase to the Lair.
 10187 | D:9      | Reached skill level 5 in Conjurations
 10187 | D:9      | Reached skill level 5 in Hexes
 10187 | D:9      | Reached skill level 5 in Summonings
 10187 | D:9      | Reached skill level 5 in Necromancy
 10187 | D:9      | Reached skill level 5 in Translocations
 10187 | D:9      | Reached skill level 5 in Fire Magic
 10187 | D:9      | Reached skill level 5 in Air Magic
 10187 | D:9      | Reached skill level 5 in Earth Magic
 10187 | D:9      | Reached skill level 5 in Alchemy
 10346 | Lair:1   | Entered Level 1 of the Lair of Beasts
 10356 | Lair:1   | Reached XP level 11. HP: 81/81 MP: 18/22
 10404 | D:9      | Reached *** piety under Vehumet
 10723 | Lair:1   | Found a transporter.
 10726 | Lair:1   | Found a transporter.
 10733 | Lair:1   | Noticed Sammaje's ghost (novice MiBe)
 11701 | Lair:1   | Offered knowledge of Ignite Poison by Vehumet.
 11707 | Lair:1   | Learned a level 4 spell: Sticky Flame
 11988 | D:3      | Killed unrecovered's ghost
 12216 | Lair:2   | Noticed a boulder beetle
 12216 | Lair:2   | Found a staircase to the Swamp.
 12339 | Lair:2   | Noticed a bog body
 12364 | Lair:1   | Killed a boulder beetle
 12495 | Lair:2   | Killed a bog body
 12538 | Lair:2   | Reached XP level 12. HP: 91/91 MP: 20/24
 12636 | Lair:2   | Gained mutation: You are vulnerable to cold. (rC-) [potion
                  | of mutation]
 12636 | Lair:2   | Gained mutation: Your spells are a little harder to cast,
                  | but a little more powerful. [potion of mutation]
 12637 | Lair:2   | Lost mutation: You are vulnerable to cold. (rC-) [potion of
                  | mutation]
 12637 | Lair:2   | Lost mutation: Your spells are a little harder to cast, but
                  | a little more powerful. [potion of mutation]
 12637 | Lair:2   | Gained mutation: You are dopey. (Int -2) [potion of
                  | mutation]
 12637 | Lair:2   | Gained mutation: You expend magic power (3 MP) to
                  | strengthen your wands. [potion of mutation]
 12637 | Lair:2   | Gained mutation: You are robust. (+10% HP) [potion of
                  | mutation]
 12809 | Lair:2   | Noticed a boulder beetle
 12830 | Lair:2   | Killed a boulder beetle
 12950 | Lair:2   | Found an ornate altar of the Wu Jian Council.
 12950 | Lair:2   | Found a hide-covered altar of Uskayaw.
 12950 | Lair:2   | Noticed a boulder beetle
 12959 | Lair:2   | Killed a boulder beetle
 12959 | Lair:2   | Reached **** piety under Vehumet
 13061 | Lair:2   | Offered knowledge of Fulminant Prism by Vehumet.
 13631 | Lair:3   | Identified the +6 flail "Gointo" {heavy, rF+ rCorr}
 14009 | Lair:3   | Identified the +5 broad axe of Excruciating Pain {drain,
                  | rF- Str+3}
 14272 | Lair:3   | Found a hole to the Spider Nest.
 14603 | Lair:3   | Reached ***** piety under Vehumet
 14686 | Lair:3   | Learned a level 3 spell: Stone Arrow
 14729 | Lair:3   | Offered knowledge of Fireball by Vehumet.
 14747 | Lair:3   | Learned a level 5 spell: Fireball
 14757 | Lair:4   | Reached XP level 13. HP: 107/107 MP: 11/26
 14991 | Lair:4   | Reached skill level 10 in Ice Magic
 15083 | Lair:4   | Identified the blade talisman "Ywytwej" {Dex+4}
 15438 | Lair:4   | Learned a level 2 spell: Blink
 15824 | Lair:5   | Entered Level 5 of the Lair of Beasts
 16101 | Lair:5   | Reached skill level 10 in Spellcasting
 16848 | Lair:5   | Reached skill level 10 in Dodging
 17219 | Lair:5   | Reached skill level 10 in Stealth
 17520 | Lair:5   | Found a staircase to the Slime Pits.
 17521 | Lair:5   | Found a viscous altar of Jiyva.
 17863 | Lair:5   | Reached XP level 14. HP: 118/118 MP: 23/28
 17918 | Lair:5   | Reached skill level 10 in Invocations
 18481 | Lair:5   | Found a large runed translucent door.
 18482 | Lair:5   | Found a large runed translucent door.
 18540 | Lair:5   | Killed from afar by a hell hog

Illustrated notes

Levels and vault maps discovered:
D:1:      dpeg_cavernosity, layout_rooms, hex_medium, minmay_misc_feat_rows
D:2:      layout_loops_corners, shapermc_ecumenical_altar_totnotflames,
          minmay_splitting_lines, minmay_pentomino_x4, uniq_crazy_yiuf_cottage
D:3:      layout_basic, biasface_ghost_orc_armoury, minmay_curled_crystal
D:4:      layout_rooms, kennysheep_diamond, uniq_ijyb
D:5:      minmay_spotlight, layout_rooms, lemuel_temple_firewalk_b,
          uniq_blork_the_orc
D:6:      layout_loops_cross, mainiacjoe_overflow_concentric_impassable,
          st_stairs_12
D:7:      layout_basic, mainiacjoe_overflow_surrounded_room,
          kiku_gazebo_garden_becter, tso_metal_star, serial_glass,
          glass_columns_a, glass_columns_b
D:8:      layout_loops_ring, lightli_temple_of_fire, serial_shops, shop
D:9:      layout_grid_maze, nicolae_hepliaklqana_hazy_memory,
          david_lair_shrubbed, serial_co_window_serial,
          co_window_of_opportunity_a, co_window_corner_a, co_window_paths_a,
          co_window_of_opportunity_a, co_window_paths_a, co_window_corner_a,
          co_window_corner_a, co_window_paths_c, co_window_broadway_c,
          co_window_unsneaky_path_d, co_window_broadway_c, co_window_4corner_a,
          glass_columns_a, glass_columns_a, enter_bailey_7, uniq_harold
Temple:   nicolae_temple_elliptical
Lair:1:   layout_small_grid, gammafunk_ghost_hive, serial_bayou_shore_a,
          grunt_megastairs_1
Lair:2:   layout_cave_shapes, skrybe_swamp_entry_bodies,
          nzn_masters_of_martial_movement
Lair:3:   layout_cave_pods, nicolae_spider_entry_tight_spaces
Lair:4:   layout_regular_city
Lair:5:   cheibrodos_lair_end_hotspot, layout_cellular_growth, slime_entry_1

Skill      XL: |  1  2  3  4  5  6  7  8  9 10 11 12 13 14 |
---------------+-------------------------------------------+-----
Spellcasting   | 5 6 7 8 9 10 | 10.5
Invocations    | 1 2 3 4 5 6 7 8 9 10 | 10.1
Fighting       | 1 2 3 5 6 7 8 9 |  9.3
Short Blades   | 1 2 3 5 6 7 8 9 |  9.3
Long Blades    | 1 2 3 5 6 7 8 9 |  9.3
Axes           | 1 2 3 5 6 7 8 9 |  9.3
Maces & Flails | 1 2 3 5 6 7 8 9 |  9.3
Polearms       | 1 2 3 5 6 7 8 9 |  9.3
Staves         | 1 2 3 5 6 7 8 9 |  9.3
Ranged Weapons | 1 2 3 5 6 7 8 9 |  9.3
Throwing       | 1 2 3 5 6 7 8 9 |  9.3
Armour         | 1 2 3 5 6 7 8 9 |  9.3
Shields        | 1 2 3 5 6 7 8 9 |  9.3
Unarmed Combat | 1 2 3 5 6 7 8 9 |  9.3
Evocations     | 1 2 3 5 6 7 8 9 |  9.3
Conjurations   | 1 2 3 4 5 6 7 |  7.7
Hexes          | 1 2 3 4 5 6 7 |  7.7
Summonings     | 1 2 3 4 5 6 7 |  7.7
Necromancy     | 1 2 3 4 5 6 7 |  7.7
Translocations | 1 2 3 4 5 6 7 |  7.7
Fire Magic     | 1 2 3 4 5 6 7 |  7.7
Air Magic      | 1 2 3 4 5 6 7 |  7.7
Earth Magic    | 1 2 3 4 5 6 7 |  7.7
Alchemy        | 1 2 3 4 5 6 7 |  7.7
Shapeshifting  | 1 2 3 4 5 6 7 8 |  8.5
Dodging        | 5 6 7 8 9 10 | 10.4
Stealth        | 5 6 7 8 9 10 | 10.2
Ice Magic      | 8 9 10 | 10.5

Action                     |  1- 3 |  4- 6 |  7- 9 | 10-12 | 13-15 || total
---------------------------+-------+-------+-------+-------+-------++-------
  Melee: Spear             |     2 |       |       |       |       ||     2
         Short sword       |     7 |    29 |   173 |   100 |       ||   309
         Dagger            |     2 |     6 |       |       |       ||     8
         Bite              |       |     3 |    35 |    45 |    45 ||   128
         Flail             |       |       |       |   233 |   291 ||   524
   Fire: Sling             |       |       |    10 |    38 |       ||    48
  Throw: Stone             |     5 |     6 |     3 |    11 |     7 ||    32
         Dart              |     1 |       |     6 |    30 |       ||    37
         Boomerang         |       |       |       |     4 |    24 ||    28
         Javelin           |       |       |       |     5 |     3 ||     8
   Cast: Freeze            |    41 |    48 |    16 |    21 |    14 ||   140
         Frozen Ramparts   |     2 |    18 |    31 |    54 |    47 ||   152
         Ozocubu's Armour  |     2 |     5 |    20 |    54 |    39 ||   120
         Summon Ice Beast  |       |     1 |     3 |    11 |     3 ||    18
         Sandblast         |       |       |    15 |    33 |       ||    48
         Mercury Vapours   |       |       |     4 |    29 |    34 ||    67
         Sticky Flame      |       |       |       |    10 |    13 ||    23
         Searing Ray       |       |       |       |     1 |       ||     1
         Fireball          |       |       |       |     4 |     2 ||     6
         Stone Arrow       |       |       |       |       |    37 ||    37
    Use: Scroll            |       |     5 |    10 |     6 |     1 ||    22
         Potion            |       |       |       |     2 |       ||     2
   Stab: Sleeping          |     4 |    15 |     5 |     3 |       ||    27
         Distracted        |       |       |     1 |       |     1 ||     2
 Armour: Robe              |    11 |    13 |    64 |   108 |   118 ||   314
         Chain mail        |       |       |       |     2 |       ||     2
  Dodge: Dodged            |    15 |    34 |    94 |   201 |   195 ||   539
  Block: Other             |       |     2 |       |       |       ||     2
         Buckler           |       |    19 |    84 |   244 |   226 ||   573
         Reflection        |       |     1 |     3 |     6 |     1 ||    11
